[Event "*** Titled Tuesday 3|2 Blitz"]
[Site "Chess.com"]
[Date "2016.06.07"]
[Round "1"]
[White "WGMCarlaHeredia"]
[Black "DrHolmes13"]
[Result "0-1"]
[WhiteElo "1864"]
[BlackElo "2382"]
[TimeControl "180+2"]
[EndTime "11:07:09 PDT"]
[Termination "DrHolmes13 won by resignation"]

1. e4 c6 2. Nc3 d5 3. Nf3 a6 4. d4 Bg4 5. h3 Bh5 6. Bd3 e6 7. Qe2 Nf6 8. Bg5 Be7 9. O-O-O b5 10. g4 Bg6 11. Ne5 b4 12. Na4 Bxe4 13. Bxf6 gxf6 14.
Bxe4 fxe5 15. Bg2 exd4 16. Rxd4 Nd7 17. f4 Qa5 18. b3 Nc5 19. f5 Nxa4 20. bxa4 Qc5 21.
Qe5 O-O-O 22. fxe6 f6 23. Qe3 Bd6 24. Qd2 a5 25.
Re1 Be5 26. Rxe5 fxe5 27. Rd3 Qg1+ 28. Kb2 e4 29. Rd4 Rhe8 30. Qe2 Qxd4+ 0-1

[Event "*** Titled Tuesday 3|2 Blitz"]
[Site "Chess.com"]
[Date "2016.06.07"]
[Round "1"]
[White "kpio91"]
[Black "Andrejkin"]
[Result "1-0"]
[WhiteElo "2500"]
[BlackElo "2167"]
[TimeControl "180+2"]
[EndTime "11:07:16 PDT"]
[Termination "kpio91 won by resignation"]

1. e4 e5 2. Nf3 Nc6 3. Nc3 Nf6 4. Be2 d6 5. d4 exd4 6. Nxd4 Nxd4 7. Qxd4 Be7 8. Be3 Be6 9. O-O-O O-O 10. f3 a6 11. g4 Nd7 12. Kb1 Bf6 13. Qd2 Ne5 14. Nd5 Bxd5 15. Qxd5 Rb8 16. f4 Nc6 17. g5 Be7 18. h4 Nb4 19. Qd2 a5 20. h5 c5 21.
c3 Nc6 22. g6 h6 23. Bc4 Kh8 24. Bxf7 b5 25. Qd5 Rc8 26. e5 dxe5 27. fxe5 Qxd5 28. Rxd5 Rfd8 29. Rhd1 b4 30. Rxd8+ Rxd8 31. Rxd8+ Nxd8 32. Bd5 a4 33. cxb4 cxb4 34. Kc2 Bh4 35. Bc5 b3+ 36. axb3 axb3+ 37. Kxb3 Bg3 38. Bd6 Ne6 39.
Kc4 Nc7 40. Bf3 Ne6 41. b4 Bf2 42. b5 Nf4 43. Bc5 Bxc5 44. Kxc5 Ne6+ 45. Kd6 Nd8 46. b6 Nb7+ 47. Bxb7 1-0

[Event "*** Titled Tuesday 3|2 Blitz"]
[Site "Chess.com"]
[Date "2016.06.07"]
[Round "1"]
[White "Imre91"]
[Black "Penguininja"]
[Result "1-0"]
[WhiteElo "2569"]
[BlackElo "2200"]
[TimeControl "180+2"]
[EndTime "11:07:20 PDT"]
[Termination "Imre91 won by resignation"]

1. d4 d5 2. c4 c6 3. Nf3 Nf6 4.
Qc2 dxc4 5. Qxc4 Bf5 6. g3 e6 7. Bg2 Nbd7 8. O-O Be7 9. e3 O-O 10. Qe2 h6 11. Rd1 Qc7 12. Nc3 Ne4 13. Nh4 Nxc3 14. bxc3 Bxh4 15. gxh4 e5 16. e4 Bh7 17. f4 exd4 18. cxd4 Rae8 19. e5 Rd8 20. Ba3 Rfe8 21. Qf3 Nb6 22. f5 Nd5 23. Rf1 Kh8 24. Rae1 Qb6 25. Bc5 Qa5 26. f6 gxf6 27. Qh5 b6 28.
Bd6 Rxd6 29. exd6 Rxe1 30. d7 Rxf1+ 31. Bxf1 b5 32. Qxf7 Bg8 33. Qe8 Qc3 34. d8=Q Qxd4+ 35. Kh1 Qg4 36. Qe2 Qf5 37. Qf8 Nf4 38. Qxh6+ 1-0

[Event "*** Titled Tuesday 3|2 Blitz"]
[Site "Chess.com"]
[Date "2016.06.07"]
[Round "1"]
[White "162a54f5d"]
[Black "NewBornNow"]
[Result "0-1"]
[WhiteElo "2211"]
[BlackElo "2555"]
[TimeControl "180+2"]
[EndTime "11:07:22 PDT"]
[Termination "NewBornNow won by resignation"]

1. d4 Nf6 2. c4 e6 3. g3 c5 4. Nf3 cxd4 5. Nxd4 a6 6. Nc3 Qc7 7. e4 Bb4 8. Bd3 Nc6 9. Nc2 Bxc3+ 10. bxc3 Ne5 11.
Qe2 d6 12. O-O Bd7 13. Rb1 Bc6 14. f3 Nfd7 15. Nd4 Nxd3 16. Qxd3 Ne5 17. Qe2 Bd7 18. Bf4 Nxc4 19. Nb3 e5 20. Bg5 Na3 21. Rbc1 Nc4 22. Rfd1 Be6 23. Nd2 O-O 24. Nxc4 Bxc4 25. Qd2 f6 26.
Be3 Rfd8 27. Rb1 b5 28. a4 Qc6 29. axb5 axb5 30. Qf2 d5 31. exd5 Bxd5 32. Kg2 Rdc8 33. Rd3 Ra2 34. Rd2 Rxd2 35. Bxd2 Ra8 36. Rb2 Ra3 37.
g4 h6 38. Kg3 Ra4 39. Rb4 Ra2 40. f4 exf4+ 41. Rxf4 Qc7 42. Kh3 Be6 43. Qe3 Qc8 44. Kg3 Ra4 45. Rd4 Bxg4 46. Rxa4 bxa4 47. Bc1 Be6 48. Ba3 Qc4 49. Bb4 Kh7 50. Ba3 Bd5 51.
Kf2 Qh4+ 52. Kg1 Qg4+ 53. Kf2 Qg2+ 54. Ke1 Qh1+ 55. Kd2 Qxh2+ 56. Kd3 Qg2 57. Kd4 Bb3 58. Qd3+ Qg6 59. Qe3 Qg4+ 60. Kc5 Qc4+ 61. Kb6 Bc2 62. Qd4 Qb3+ 63. Bb4 a3 64. Qd8 a2 65. Qa8 Qb1 66. Kc5 0-1

[Event "*** Titled Tuesday 3|2 Blitz"]
[Site "Chess.com"]
[Date "2016.06.07"]
[Round "1"]
[White "AdrianaNikolova"]
[Black "Elshan1985"]
[Result "0-1"]
[WhiteElo "2308"]
[BlackElo "2593"]
[TimeControl "180+2"]
[EndTime "11:07:25 PDT"]
[Termination "Elshan1985 won by resignation"]

1. e4 e6 2. d4 d5 3. Nd2 c5 4.
Ngf3 cxd4 5. Nxd4 Nf6 6. Bb5+ Bd7 7. exd5 Bxb5 8. Nxb5 a6 9. Nc3 Nxd5 10. Nxd5 Qxd5 11.
O-O Nc6 12. Qf3 O-O-O 13. Qxf7 Ne5 14. Qf4 Bd6 15. Nb3 Rhf8 16. Qd4 Nf3+ 17. gxf3 Bxh2+ 18. Kxh2 Qh5+ 19. Kg1 Rxd4 20. Nxd4 e5 21. Ne2 Qxf3 22.
Ng3 h5 23. Bg5 Qg4 24. Be7 Rf7 25. Rae1 Rxe7 26. Re4 Qg5 27. Kh2 h4 28. Ne2 Rf7 29.
f3 Rxf3 30. Rxf3 Qd2 31. Rxe5 Kb8 32. Rc3 g5 33. Re8+ Ka7 34. Re7 Qd6+ 35. Kg2 Qxe7 36. Ng1 Qe4+ 37. Kf2 g4 38. Ne2 g3+ 39. Nxg3 Qf4+ 40.
Kg2 hxg3 41. Rxg3 Qd2+ 42. Kh3 Qxc2 43. Rg2 Qf5+ 44. Kg3 Qe5+ 45. Kh4 Qf6+ 46. Kg3 Qd6+ 47. Kh4 Qd5 48. a3 Qxg2 0-1

[Event "*** Titled Tuesday 3|2 Blitz"]
[Site "Chess.com"]
[Date "2016.06.07"]
[Round "1"]
[White "biostatistician"]
[Black "Fandorine"]
[Result "0-1"]
[WhiteElo "2286"]
[BlackElo "2579"]
[TimeControl "180+2"]
[EndTime "11:07:30 PDT"]
[Termination "Fandorine won by checkmate"]

1. d4 Nf6 2. Nf3 g6 3. c4 Bg7 4. Nc3 O-O 5. e4 d6 6. Be2 Nbd7 7. O-O e5 8. Be3 c6 9. d5 c5 10. Ne1 Kh8 11. g4 Ng8 12. Kh1 Bh6 13. Qd2 Bxe3 14. Qxe3 f5 15. gxf5 gxf5 16. exf5 Ne7 17. Bd3 Nf6 18.
Rg1 Nxf5 19. Qd2 Qe7 20. Nf3 Bd7 21. Ng5 Nd4 22. Rg2 Ng4 23. Rag1 Rf4 24. Nxh7 Nf3 25. Qc1 Nxg1 26. Qxg1 Qh4 27. Ne4 Rg8 28. Nhg5 Rxg5 29.
Nxg5 Nxf2+ 30. Rxf2 Qxf2 31. Qd1 Bg4 32. Qa4 Bf3+ 33.
Nxf3 Qxf3+ 34. Kg1 Rg4# 0-1

[Event "*** Titled Tuesday 3|2 Blitz"]
[Site "Chess.com"]
[Date "2016.06.07"]
[Round "1"]
[White "AlexanderL"]
[Black "INbetweenMOVE"]
[Result "1-0"]
[WhiteElo "2580"]
[BlackElo "2279"]
[TimeControl "180+2"]
[EndTime "11:07:35 PDT"]
[Termination "AlexanderL won by resignation"]

1. d4 Nf6 2. c4 g6 3. Nc3 d5 4. Bf4 Bg7 5. e3 O-O 6. Rc1 c5 7. dxc5 dxc4 8. Qxd8 Rxd8 9. Bxc4 Na6 10. Bxa6 bxa6 11.
Nf3 Bb7 12. Be5 Rac8 13. Bd4 a5 14. O-O Nd7 15. Nb5 e5 16. Bc3 Rxc5 17. Bxa5 Rdc8 18.
Rxc5 Rxc5 19. a4 a6 20. b4 Rc2 21. Nd6 Ba8 22. Ng5 Bf8 23. Ngxf7 Bd5 24. Rd1 Rc6 25.
b5 axb5 26. axb5 Rc2 27. h3 Nf6 28. Bd8 Bxf7 29. Bxf6 Bxd6 30. Rxd6 h5 31. Rd8+ 1-0

[Event "*** Titled Tuesday 3|2 Blitz"]
[Site "Chess.com"]
[Date "2016.06.07"]
[Round "1"]
[White "dondimi"]
[Black "talaicito"]
[Result "1-0"]
[WhiteElo "2428"]
[BlackElo "2003"]
[TimeControl "180+2"]
[EndTime "11:07:35 PDT"]
[Termination "dondimi won by resignation"]

1. d4 e6 2. Nf3 f5 3. g3 Nf6 4. Bg2 Be7 5. O-O d6 6. c4 O-O 7.
Nc3 Ne4 8. Qc2 Nxc3 9. Qxc3 a5 10. b3 Nc6 11. Bb2 Bf6 12. Rad1 Qe8 13. Qc2 e5 14. d5 Nb4 15. Qb1 Na6 16. a3 Nc5 17. Nd2 Qh5 18. Rfe1 Bd7 19. b4 axb4 20. axb4 Na4 21.
Ba1 b5 22. c5 f4 23. Ne4 Bf5 24. Qb3 Be7 25. Rc1 Qg6 26. Nd2 Ra7 27. Bxe5 dxe5 28.
d6+ Be6 29. Bd5 Bxd5 30. Qxd5+ Qf7 31. Qxf7+ Rxf7 32. dxe7 Rxe7 33. Nf3 Nb2 34. Rb1 Nc4 35. Ra1 c6 36. gxf4 exf4 37. Nd4 Rxa1 38. Rxa1 Re4 39.
Nxc6 Rxe2 40. Nd4 Rb2 41. c6 f3 42. c7 Nd6 43. h4 Rxb4 44. Nf5 Nc8 45. Ra8 Kf7 46. Rxc8 g6 47. Rf8+ Kxf8 48. c8=Q+ Kf7 49. Qd7+ Kf6 50. Qd6+ 1-0

[Event "*** Titled Tuesday 3|2 Blitz"]
[Site "Chess.com"]
[Date "2016.06.07"]
[Round "1"]
[White "Zhani-Z"]
[Black "Indianlad"]
[Result "1-0"]
[WhiteElo "2218"]
[BlackElo "2525"]
[TimeControl "180+2"]
[EndTime "11:07:44 PDT"]
[Termination "Zhani-Z won by resignation"]

1. e4 c5 2. Nf3 e6 3. d4 cxd4 4. Nxd4 Nc6 5. Nc3 Qc7 6. g3 a6 7. Bg2 Nf6 8. O-O Nxd4 9. Qxd4 Bc5 10. Bf4 d6 11. Qd2 h6 12. Rad1 e5 13. Be3 Bxe3 14.
fxe3 Be6 15. Qxd6 Qxd6 16. Rxd6 Rc8 17. Rb6 O-O 18. Rxb7 Rb8 19. Rxb8 Rxb8 20. Rb1 Ng4 21. Bf1 a5 22. Nd1 Bxa2 23. Ra1 Be6 24. Rxa5 Rc8 25. Bd3 Bc4 26. h3 Bxd3 27. cxd3 Nf6 28. Nc3 Rd8 29. Nd5 Rb8 30. b4 Nxd5 31. Rxd5 Rxb4 32.
Rxe5 Rb2 33. Re8+ Kh7 34. Kf1 g5 35. d4 Rh2 36. d5 Rd2 37. Ke1 Ra2 38. d6 Ra1+ 39.
Ke2 Ra2+ 40. Kd3 Ra1 41. e5 Kg6 42. Ke4 Ra4+ 43. Kd5 Ra5+ 44. Kc6 Ra6+ 45. Kb7 Ra3 46. d7 Rb3+ 47. Kc6 Rc3+ 48. Kb5 Rb3+ 49. Kc4 1-0

[Event "*** Titled Tuesday 3|2 Blitz"]
[Site "Chess.com"]
[Date "2016.06.07"]
[Round "1"]
[White "ZivkovicN"]
[Black "DiamondCrusher22"]
[Result "1-0"]
[WhiteElo "2381"]
[BlackElo "1838"]
[TimeControl "180+2"]
[EndTime "11:07:50 PDT"]
[Termination "ZivkovicN won by checkmate"]

1. e4 e5 2. Nf3 Nc6 3. Bb5 Nf6 4. d3 d6 5. c3 g6 6. O-O Bg7 7.
Re1 O-O 8. d4 Bg4 9. Bxc6 Bxf3 10. Qxf3 bxc6 11. dxe5 dxe5 12. Be3 Qe7 13. Na3 Rfd8 14.
Nc4 Qe6 15. b3 Rd3 16. Rac1 Rad8 17. Rc2 Ng4 18. g3 Bh6 19. Kg2 Bxe3 20. Nxe3 Nxe3+ 21. Rxe3 Rd1 22. Qe2 c5 23. Qb5 Qg4 24. h3 Qh5 25.
Qc4 Ra1 26. Rd3 Rxd3 27. Qxd3 Rd1 28. Rd2 Rxd2 29. Qxd2 Kg7 30. Qd5 Kf6 31. Qc6+ Kg7 32. Qxc7 Qg5 33. h4 Qh5 34. Qxc5 f6 35. Qe7+ Kh6 36. Qf8# 1-0

[Event "*** Titled Tuesday 3|2 Blitz"]
[Site "Chess.com"]
[Date "2016.06.07"]
[Round "1"]
[White "severomorskij"]
[Black "HansCoolNiemann"]
[Result "1-0"]
[WhiteElo "2582"]
[BlackElo "2275"]
[TimeControl "180+2"]
[EndTime "11:07:52 PDT"]
[Termination "severomorskij won by resignation"]

1. d4 Nf6 2. c4 c5 3. d5 e6 4. Nc3 exd5 5. cxd5 d6 6. e4 g6 7. f4 Bg7 8. Bb5+ Nfd7 9. a4 Qh4+ 10. g3 Qd8 11.
Nf3 O-O 12. O-O Nf6 13. e5 Ng4 14. Re1 a6 15. Bf1 dxe5 16. fxe5 Re8 17. Bf4 Qb6 18. Qd2 c4+ 19. Kg2 Nd7 20. e6 fxe6 21. dxe6 Nc5 22. e7 Be6 23. Rxe6 Qxe6 24. Re1 Qf7 25. Ng5 Qxe7 26.
Rxe7 Rxe7 27. Bxc4+ Kh8 28. Nf7+ Rxf7 29. Bxf7 Rf8 30. Bd5 Nf6 31. Bf3 Ne6 32. Be5 Kg8 33. Bd5 Kf7 34. Bxf6 Bxf6 35. Ne4 Ke7 36. Bxe6 Kxe6 37.
Qd6+ Kf5 38. Qxf8 Kxe4 39. Qxf6 1-0

[Event "*** Titled Tuesday 3|2 Blitz"]
[Site "Chess.com"]
[Date "2016.06.07"]
[Round "1"]
[White "FCChelsea14"]
[Black "Fawolizzo"]
[Result "1-0"]
[WhiteElo "2410"]
[BlackElo "2004"]
[TimeControl "180+2"]
[EndTime "11:07:54 PDT"]
[Termination "FCChelsea14 won by resignation"]

1. d4 Nf6 2. c4 e6 3. Nf3 b6 4. g3 Bb7 5. Bg2 Be7 6. O-O O-O 7. Re1 d6 8. Nc3 Nbd7 9. e4 c5 10. d5 e5 11. a3 Re8 12. b4 cxb4 13. axb4 a5 14. Ba3 axb4 15. Bxb4 Nc5 16. Bxc5 bxc5 17. Qc2 Ba6 18. Nd2 Qd7 19. Ra5 Bb7 20. Rea1 Rxa5 21. Rxa5 Bd8 22. Ra7 Bb6 23. Ra1 Ra8 24. Rxa8+ Bxa8 25.
Qa2 Bb7 26. h4 h5 27. f3 Bd8 28. Kh2 Be7 29. Bh3 Qc7 30. Nb5 Qb6 31. Nb3 Ba6 32. Qa5 Qxa5 33. Nxa5 g6 34. Kg2 Ne8 35. Bd7 Nf6 36. Bh3 Kf8 37. Kf1 Ne8 38. Ke2 g5 39. hxg5 Bxg5 40. Bd7 Nf6 41. Bf5 Ne8 42. Kd3 h4 43.
gxh4 Bxh4 44. Nc6 Bf2 45. Bd7 Nf6 46. Bh3 Ne8 47. Kc2 Be1 48. Kb3 Bb7 49. Ka4 Ba6 50.
Bd7 Nf6 51. Bf5 Ne8 52. Kb3 Bd2 53. Kc2 Kg7 54. Kxd2 1-0

[Event "*** Titled Tuesday 3|2 Blitz"]
[Site "Chess.com"]
[Date "2016.06.07"]
[Round "1"]
[White "CroatianPower"]
[Black "Grootneus"]
[Result "0-1"]
[WhiteElo "2408"]
[BlackElo "2067"]
[TimeControl "180+2"]
[EndTime "11:08:02 PDT"]
[Termination "Grootneus won by resignation"]

1. d4 Nf6 2. c4 c5 3. d5 b5 4.
cxb5 a6 5. bxa6 g6 6. Nc3 Bxa6 7.
e4 Qa5 8. Bd2 d6 9. Nf3 Bg7 10.
Be2 O-O 11. O-O Nbd7 12. Bxa6 Qxa6 13. Re1 Rfb8 14. b3 Ng4 15. Qc2 c4 16. Rab1 Qa7 17. Be3 Nxe3 18. Rxe3 cxb3 19. axb3 Rc8 20. Rd3 Nc5 21.
Nb5 Qb6 22. Nbd4 Nxd3 23. Qxd3 Ra2 24. Rf1 Rca8 25. Nc6 Rxf2 26. Kh1 Rxf1+ 27. Qxf1 Ra1 28.
Ne1 Qe3 0-1

[Event "*** Titled Tuesday 3|2 Blitz"]
[Site "Chess.com"]
[Date "2016.06.07"]
[Round "1"]
[White "cassoulet"]
[Black "GMBenjaminBok"]
[Result "0-1"]
[WhiteElo "2332"]
[BlackElo "2612"]
[TimeControl "180+2"]
[EndTime "11:08:07 PDT"]
[Termination "GMBenjaminBok won by resignation"]

1. e4 c5 2. Nf3 d6 3. d4 cxd4 4. Nxd4 Nf6 5. Nc3 a6 6. h3 e6 7.
g4 Be7 8. Bg2 O-O 9. O-O Nfd7 10. Be3 Nc6 11. f4 Qc7 12. Nf3 b5 13. a3 Bb7 14. Qe2 Na5 15. Rad1 Nc4 16. Bc1 Nxa3 17. e5 b4 18. exd6 Bxd6 19. Ne4 Bxe4 20. Qxe4 Nf6 21. Qd3 Nb5 22. Ng5 Rad8 23. Qe2 h6 24. Ne4 Nxe4 25. Bxe4 Bc5+ 26. Kh1 Rxd1 27. Rxd1 Rd8 28. Rxd8+ Qxd8 29. Kg2 Qd4 30. Qe1 a5 31. Bd3 Nd6 32. b3 Ne8 33. Kf3 Nf6 34. Be3 Qd5+ 35. Kg3 Bxe3 36. Qxe3 Qh1 37. Qc5 g6 38. Qxa5 Nd5 39. Qd8+ Kg7 40.
Qd6 Qg1+ 41. Kf3 Qe3+ 42. Kg2 Nxf4+ 43. Kf1 Qxh3+ 44. Kf2 Nxd3+ 45. cxd3 Qxg4 46. Qe5+ Kh7 47. Qc7 Qf5+ 48. Ke3 g5 49. Qe7 Qf4+ 50. Ke2 Kg6 51. Qf8 g4 52. Qg8+ Kh5 53. Qg7 Kh4 54. Qa1 h5 55.
Qh1+ Kg5 56. Qa8 Qf3+ 57. Qxf3 gxf3+ 58. Kxf3 Kf5 0-1

[Event "*** Titled Tuesday 3|2 Blitz"]
[Site "Chess.com"]
[Date "2016.06.07"]
[Round "1"]
[White "Newlight1"]
[Black "Blitzstream"]
[Result "0-1"]
[WhiteElo "2168"]
[BlackElo "2504"]
[TimeControl "180+2"]
[EndTime "11:08:12 PDT"]
[Termination "Blitzstream won on time"]

1. e4 d5 2. exd5 Qxd5 3. Nc3 Qa5 4. d4 Nf6 5. Nf3 Nc6 6. Be2 Bg4 7. h3 Bh5 8. O-O O-O-O 9. g4 Nxg4 10. hxg4 Bxg4 11. d5 e6 12. Ng5 Bxe2 13. Qxe2 exd5 14. Nxf7 Bd6 15. Nxh8 Rxh8 16. Qe6+ Kb8 17. Qxd5 Qb4 18. Qe4 Nd4 19. Re1 a6 20. Bf4 Rf8 21. Nd5 Qc4 22.
Rad1 Bxf4 23. Nxf4 Rxf4 24. Qe8+ Ka7 25. Qe3 Rg4+ 26.
Kh2 c5 0-1

[Event "*** Titled Tuesday 3|2 Blitz"]
[Site "Chess.com"]
[Date "2016.06.07"]
[Round "1"]
[White "sandropozo"]
[Black "CM_Perligero"]
[Result "1-0"]
[WhiteElo "2445"]
[BlackElo "2066"]
[TimeControl "180+2"]
[EndTime "11:08:13 PDT"]
[Termination "sandropozo won by resignation"]

1. d4 Nf6 2. Nf3 e6 3. c4 d5 4. Nc3 c6 5. g3 Be7 6. Bg2 Nbd7 7.
O-O Nf8 8. Ne5 Ng6 9. f4 O-O 10. c5 Nd7 11. e4 f6 12. Nxg6 hxg6 13. exd5 exd5 14. Nxd5 cxd5 15. Bxd5+ Kh7 16. Qg4 f5 17. Qh3+ Bh4 18. Bb3 Re8 19. Bd2 Re2 20. Bc3 Nf8 21. Rae1 Re4 22. d5 g5 23. fxg5 Qxg5 24. Rxe4 fxe4 25.
Qxh4+ Qxh4 26. gxh4 Bh3 27. Re1 Re8 28. Bc2 Bf5 29.
h5 Nd7 30. b4 Nf6 31. Bxf6 gxf6 32. Rf1 Re5 33. Rxf5 Rxf5 34. Bxe4 1-0

[Event "*** Titled Tuesday 3|2 Blitz"]
[Site "Chess.com"]
[Date "2016.06.07"]
[Round "1"]
[White "charlescandycampbell"]
[Black "Bentery"]
[Result "0-1"]
[WhiteElo "2042"]
[BlackElo "2436"]
[TimeControl "180+2"]
[EndTime "11:08:22 PDT"]
[Termination "Bentery won on time"]

1. d4 d5 2. c4 c6 3. cxd5 cxd5 4. Nc3 e5 5. Nf3 e4 6. Nd2 Nc6 7. Nb3 Be7 8. Bf4 Be6 9. e3 h5 10. h3 Nf6 11. Be2 Rc8 12. Rc1 Bd6 13. Bxd6 Qxd6 14.
Nc5 Qe7 15. Qa4 O-O 16. O-O g6 17. b4 Bf5 18. b5 Nd8 19. Qb3 Qd6 20. a4 b6 21. Na6 Nb7 22. Rc2 Na5 23. Qb2 Qd7 24. Rfc1 Kg7 25. Qb4 h4 26. Nb1 Rxc2 27. Rxc2 Rc8 28.
Rxc8 Qxc8 29. Qc3 Qxc3 30. Nxc3 Kf8 31. Nc7 Be6 32. Nxe6+ fxe6 33. Kf1 Ke7 34. Ke1 Kd6 0-1

[Event "*** Titled Tuesday 3|2 Blitz"]
[Site "Chess.com"]
[Date "2016.06.07"]
[Round "1"]
[White "Mvpag"]
[Black "TheLancer"]
[Result "0-1"]
[WhiteElo "2136"]
[BlackElo "2472"]
[TimeControl "180+2"]
[EndTime "11:08:24 PDT"]
[Termination "TheLancer won by checkmate"]

1. d4 Nf6 2. Nf3 e6 3. e3 c5 4. Bd3 b6 5. O-O Bb7 6. b3 cxd4 7. exd4 d6 8. Bb2 Be7 9. Nbd2 O-O 10. Qe2 a6 11. a3 Nbd7 12. Rfe1 Re8 13. Ng5 Nf8 14. Rad1 Nd5 15. Nxf7 Kxf7 16. Bxh7 Nxh7 17. Qxe6+ Kf8 18. c4 Ndf6 19. d5 Qc8 20. Qe3 Qg4 21. Qxb6 Rab8 22. Qc7 Ng5 23. Rxe7 Qxd1+ 24. Nf1 Rxe7 25. Qxb8+ Kf7 26.
h4 Nge4 27. Bd4 Nd2 28. Qxd6 Qxf1+ 29. Kh2 Qe2 30. Bxf6 gxf6 31. Qf4 Qe5 32. Qxe5 Rxe5 33. g3 Nxb3 34. g4 Re4 35. Kg3 Rxc4 36. f4 Bxd5 37.
h5 Nd4 38. g5 fxg5 39. fxg5 Nf5+ 40. Kh3 Rh4# 0-1

[Event "*** Titled Tuesday 3|2 Blitz"]
[Site "Chess.com"]
[Date "2016.06.07"]
[Round "1"]
[White "Noukii"]
[Black "Aguiar94"]
[Result "1-0"]
[WhiteElo "2655"]
[BlackElo "2348"]
[TimeControl "180+2"]
[EndTime "11:08:25 PDT"]
[Termination "Noukii won by resignation"]

1. d4 Nf6 2. c4 e6 3. Nc3 Bb4 4.
Nf3 b6 5. e3 Bb7 6. Bd3 O-O 7.
O-O c5 8. Na4 cxd4 9. a3 Be7 10.
exd4 d5 11. c5 Nbd7 12. Be3 Rc8 13. b4 Qc7 14. h3 Ne4 15. Rc1 Qb8 16. Rc2 bxc5 17. Nxc5 Ndxc5 18. dxc5 e5 19. Re1 a5 20. Qa1 Bf6 21. Bxe4 dxe4 22. Nd2 Bd5 23. Qc3 Qb5 24. Nc4 axb4 25. axb4 Rb8 26. Rb1 Bxc4 27. Qxc4 Rfc8 28. Qxe4 Qa4 29. Rcb2 Rb5 30. g4 h6 31. Kg2 Rcb8 32.
c6 Rc8 33. Rc1 Qa6 34. c7 Be7 35. Qc6 Qb7 36. Qxb7 Rxb7 37. b5 Rbxc7 38. Rxc7 Rxc7 39. b6 Rb7 40. Ra2 Bd6 41. Ra7 Rb8 42. Rd7 Bf8 43.
b7 1-0

[Event "*** Titled Tuesday 3|2 Blitz"]
[Site "Chess.com"]
[Date "2016.06.07"]
[Round "1"]
[White "Semetey"]
[Black "FearlessKing64"]
[Result "1-0"]
[WhiteElo "2452"]
[BlackElo "2076"]
[TimeControl "180+2"]
[EndTime "11:08:27 PDT"]
[Termination "Semetey won on time"]

1. b3 d5 2. Bb2 Nf6 3. Nf3 c5 4. g3 Nc6 5. Bg2 g6 6. O-O Bg7 7. c4 O-O 8. cxd5 Nxd5 9. Bxg7 Kxg7 10. Qc1 b6 11. Nc3 Nf6 12. Ne5 Nxe5 13. Bxa8 Bh3 14. Bg2 Bxg2 15. Kxg2 h5 16. h4 Qa8+ 17. Kg1 Rd8 18. d3 Nc6 19. Qf4 Nd4 20. Rac1 Nd5 21.
Qd2 Nf6 22. Rfe1 e6 23. Qf4 Ng4 24. Qe4 Qb8 25. Qf4 e5 26. Qe4 f5 27. Qg2 Qd6 28. e3 Ne6 29. Red1 f4 30. exf4 exf4 31. Ne2 Rf8 32. Nxf4 Rxf4 33. gxf4 Nxf4 34. Qf3 Ne2+ 35. Kf1 Nxc1 36. Qb7+ Kh6 37. Rxc1 Qxd3+ 38. Kg1 Nxf2 39. Qg2 Nh3+ 40. Kh2 Qe3 41. Rf1 1-0

[Event "*** Titled Tuesday 3|2 Blitz"]
[Site "Chess.com"]
[Date "2016.06.07"]
[Round "1"]
[White "aspired"]
[Black "PowerThinking2650"]
[Result "1-0"]
[WhiteElo "2520"]
[BlackElo "2197"]
[TimeControl "180+2"]
[EndTime "11:08:30 PDT"]
[Termination "aspired won on time"]

1. e4 e5 2. Nf3 Nc6 3. Nc3 Nf6 4. Bb5 Bb4 5. O-O O-O 6. d3 Bxc3 7. bxc3 d6 8. Nd2 Ne7 9. f4 exf4 10. Rxf4 Ng6 11. Rf1 c6 12. Ba4 Qa5 13. Bb3 Qxc3 14. Ba3 Qd4+ 15.
Kh1 Ng4 16. Qe1 c5 17. Nc4 b5 18. Bb2 bxc4 19. Bxd4 cxb3 20. Bb2 bxc2 21. Rc1 N4e5 22.
Rxc2 Ba6 23. Rg1 Bxd3 24. Rd2 c4 25. Qg3 Rab8 26. Bd4 a5 27. h4 h5 28. Qg5 Bxe4 29.
Qxh5 Rfc8 30. Bc3 Nd3 31. Qg4 d5 32. h5 Nge5 33. Qg3 f6 34. h6 g6 35. Rf1 Rc6 36.
Rxd3 cxd3 37. Bxe5 fxe5 38. Qxe5 Rb7 39. Qe8+ Kh7 40.
Qxc6 1-0

[Event "*** Titled Tuesday 3|2 Blitz"]
[Site "Chess.com"]
[Date "2016.06.07"]
[Round "1"]
[White "jup1978"]
[Black "SmoothAsAHedgehog"]
[Result "1-0"]
[WhiteElo "2207"]
[BlackElo "2498"]
[TimeControl "180+2"]
[EndTime "11:08:32 PDT"]
[Termination "jup1978 won by resignation"]

1. e4 e5 2. Nf3 Nc6 3. Bb5 a6 4. Ba4 Nf6 5. d3 d6 6. c3 g6 7. O-O Bg7 8. Re1 O-O 9. Nbd2 Nd7 10. Nf1 Nc5 11. Bc2 Ne6 12. Ng3 h6 13. Be3 Qf6 14. Ne2 Bd7 15. d4 Nf4 16. dxe5 Nxe2+ 17. Rxe2 Nxe5 18.
Nxe5 Qxe5 19. Bd4 Qh5 20. Bxg7 Kxg7 21. Rd2 Qxd1+ 22. Raxd1 Rfe8 23. f3 Bc6 24. Kf2 b5 25.
Bb3 a5 26. Bd5 Bxd5 27. Rxd5 Rab8 28. R1d2 Rb6 29. a4 Reb8 30. axb5 Rxb5 31. Rxb5 Rxb5 32.
Rc2 Kf6 33. b4 axb4 34. cxb4 Rb7 35. Ke3 Ke6 36. Rc4 Kd7 37. h4 Ra7 38. g4 Rb7 39. h5 g5 40. f4 Rb5 41. fxg5 Rxg5 42. Kf4 c6 43. Rd4 Kc7 44. Rc4 Kb6 45. Rd4 Kc7 46.
Rc4 f6 47. Rd4 Re5 48. Rc4 Kb6 49. Rd4 d5 50. exd5 cxd5 51. Kf3 Kb5 52. Kf4 Ka4 53. Kf3 Kb3 54. b5 Kc3 55. Rf4 Re6 56. Rf5 d4 57.
Rc5+ Kd2 58. Rc6 Re3+ 59. Kf4 Rb3 60. Rxf6 Rxb5 61. Rxh6 d3 62. Rd6 Ke2 63. h6 Rb4+ 64.
Kf5 Rb5+ 65. Kf6 d2 66. Rxd2+ Kxd2 67. h7 Rb8 68. g5 Ke3 69. g6 Rb6+ 70. Kf5 Rb5+ 71.
Kg4 Rb4+ 72. Kg3 Rb1 73. h8=Q Rg1+ 74. Kh2 Rxg6 75. Qe8+ 1-0

[Event "*** Titled Tuesday 3|2 Blitz"]
[Site "Chess.com"]
[Date "2016.06.07"]
[Round "1"]
[White "KamilPlichta"]
[Black "ShimanovAlex"]
[Result "0-1"]
[WhiteElo "2352"]
[BlackElo "2656"]
[TimeControl "180+2"]
[EndTime "11:08:41 PDT"]
[Termination "ShimanovAlex won by checkmate"]

1. d4 Nf6 2. c4 g6 3. Nc3 Bg7 4. e4 O-O 5. f4 d6 6. Nf3 Na6 7. Bd3 e5 8. fxe5 dxe5 9. d5 c5 10. O-O Ne8 11. Rb1 Nd6 12. a3 f5 13.
b4 f4 14. Nb5 b6 15. Bb2 Nf7 16. Be2 Bd7 17. g3 Bh3 18. Rf2 fxg3 19. hxg3 Nc7 20. Nxc7 Qxc7 21. Kh2 Bd7 22. bxc5 Qxc5 23. Rf1 Rfe8 24.
Qd3 Rac8 25. Nd2 Nd6 26. Rbc1 Nb7 27. Nb3 Qd6 28. Qe3 h5 29. Rf2 Rf8 30. Rcf1 Rxf2+ 31. Rxf2 Ba4 32. Nc1 Na5 33. Qg5 Nxc4 34. Bc3 a5 35. Nd3 Bc2 36. g4 h4 37. Qxh4 Nxa3 38. Bd2 Nc4 39.
Bh6 Rf8 40. Rxf8+ Qxf8 41. Bxg7 Kxg7 42. Qg5 Qf6 43. Qc1 Bxd3 44. Bxd3 Qf2+ 45. Kh3 Ne3 46.
Qc7+ Kh6 47. g5+ Kh5 48. Qh7+ Kxg5 49. Qe7+ Kh6 50. Be2 Qg2+ 51. Kh4 Qh2# 0-1

[Event "*** Titled Tuesday 3|2 Blitz"]
[Site "Chess.com"]
[Date "2016.06.07"]
[Round "1"]
[White "Abdodi"]
[Black "Abrito99"]
[Result "0-1"]
[WhiteElo "2003"]
[BlackElo "2407"]
[TimeControl "180+2"]
[EndTime "11:08:41 PDT"]
[Termination "Abrito99 won by checkmate"]

1. d3 Nf6 2. g3 g6 3. Bg2 Bg7 4. Nf3 d6 5. O-O O-O 6. c3 c5 7. Na3 Nc6 8. Nc4 Rb8 9. a4 b6 10. e4 Qc7 11. Bg5 a6 12. Qd2 Rd8 13. Ne3 b5 14. Bxf6 exf6 15. Nd5 Qd7 16. axb5 axb5 17. Qf4 f5 18. Bh3 Ne5 19. exf5 Bb7 20. Nxe5 dxe5 21. fxg6 Qxd5 22. gxh7+ Kh8 23. Qe4 Qd6 24. Qe3 Bh6 25. Qe2 Qxd3 26. Qxe5+ Bg7 27. Qf4 b4 28. Rad1 Qxd1 29.
Rxd1 Rxd1+ 30. Bf1 Rbd8 31. Qc4 bxc3 32. bxc3 Rc1 33.
Qb5 Be4 34. f3 Bd3 35. Qb6 Rxf1+ 36. Kg2 Re8 37. Qxc5 Rd1 38. Qc6 Bf1+ 39. Kf2 Re2+ 40. Kg1 Bh3# 0-1

[Event "*** Titled Tuesday 3|2 Blitz"]
[Site "Chess.com"]
[Date "2016.06.07"]
[Round "1"]
[White "silverback96"]
[Black "viktorskliarov"]
[Result "1-0"]
[WhiteElo "2008"]
[BlackElo "2382"]
[TimeControl "180+2"]
[EndTime "11:08:41 PDT"]
[Termination "silverback96 won by resignation"]

1. d4 Nf6 2. c4 e6 3. g3 c5 4. d5 b5 5. dxe6 fxe6 6. Bg2 d5 7. cxd5 exd5 8. Nc3 Be6 9. Nh3 b4 10. Nf4 bxc3 11. Nxe6 Qb6 12. Nxf8 cxb2 13. Bxb2 Qxb2 14. Ne6 Qe5 15. Nxc5 Qc3+ 16. Kf1 Qxc5 17. Rc1 Qxc1 18. Qxc1 Nbd7 19. Qc6 Ke7 20. Bxd5 Nxd5 21. Qxd5 Rhd8 22. Kg2 Nf6 23. Qe5+ Kf7 24. Rc1 Rd7 25. Qf4 Re8 26. g4 Re4 27. Qf5 g6 28. Qb5 Rxg4+ 29. Kf3 Rgd4 30. Rc6 R4d5 31. Qb3 Kg7 32. Qc3 Rf5+ 33. Kg2 Kf7 34. e4 Rg5+ 35. Kf3 Ng4 36. Qc4+ Kg7 37.
Qe6 Rf7+ 38. Ke2 Rxf2+ 39. Ke1 Rf7 40. h4 Re5 41. Qxg4 1-0